 Dungeon Crawl Stone Soup version 0.21.1-1-g345015f (webtiles) character file.

32 Supreme the Digger (level 3, -7/19 HPs)
             Began as a Gargoyle Earth Elementalist on Apr 2, 2018.
             Killed from afar by Sigmund (9 damage)
             ... with a magic dart
             ... on level 2 of the Dungeon.
             The game lasted 00:12:38 (932 turns).

Supreme the Digger (Gargoyle Earth Elementalist)     Turns: 932, Time: 00:12:39

Health: -7/19      AC:  5    Str: 11    XL:     3   Next: 25%
Magic:  6/6        EV: 12    Int: 16    God:
Gold:   68         SH:  0    Dex: 10    Spells: 1/7 levels left

rFire    . . .     SeeInvis .   a - +0 whip
rCold    . . .     Gourm    .   (no shield)
rNeg     + . .     Faith    .   c - +0 robe
rPois    ∞         Spirit   .   (no helmet)
rElec    +         Reflect  .   k - scarf {cloud immunity}
rCorr    .         Harm     .   (no gloves)
MR       .....                  (no boots)
Stlth    ++........             (no amulet)
HPRegen  0.06/turn              (no ring)
MPRegen  0.10/turn              (no ring)

@: no status effects
A: negative energy resistance 1, electricity resistance, unbreathing,
petrification resistance, rot immunity, AC +3
a: no special abilities


You were on level 2 of the Dungeon.
You were hungry.

You visited 1 branch of the dungeon, and saw 2 of its levels.

You collected 68 gold pieces.

Inventory:

Hand Weapons
 a - a +0 whip (weapon)
 h - a +0 club
 i - a +0 short sword
 l - a cursed +0 whip
 p - a +0 club
 q - a +0 hunting sling
 r - a +0 short sword
 s - a +0 dagger
 t - a +0 dagger
 u - a +0 dagger
 v - a +0 dagger
 x - a +0 club
 y - a +0 dagger
 A - a +0 club
 C - a +0 club
 G - a +0 club
Missiles
 b - 57 stones (quivered)
 w - 22 sling bullets
Armour
 c - a +0 robe (worn)
 k - a scarf of cloud immunity (worn)
 B - a +0 robe
 D - a +0 robe
Scrolls
 f - 2 scrolls of teleportation {unknown}
 g - 2 scrolls of noise {unknown}
 j - a scroll of magic mapping {unknown}
 m - 2 scrolls of identify {unknown}
 F - a scroll of random uselessness {unknown}
Potions
 n - a potion of brilliance {unknown}
 o - 2 potions of curing {unknown}
 E - a potion of haste {unknown}
Books
 e - a book of Geomancy

   Spells                             Type                      Level
   a - Sandblast                      Earth                        1
   b - Passwall                       Transmutation/Earth          2
   c - Stone Arrow                    Conjuration/Earth            3
   d - Petrify                        Transmutation/Earth          4
   e - Lee's Rapid Deconstruction     Earth                        5
Comestibles
 d - 5 rations


   Skills:
 + Level 1.7 Dodging
 + Level 2.6 Stealth
 + Level 2.5 Spellcasting
 + Level 0.7 Transmutations
 + Level 4.2 Earth Magic


You had one spell level left.
You knew the following spells:

 Your Spells              Type           Power        Failure   Level  Hunger
a - Sandblast             Erth           ###...       3%          1    #......
b - Passwall              Tmut/Erth      ##........   11%         2    ##.....
c - Stone Arrow           Conj/Erth      #.....       24%         3    ###....


Dungeon Overview and Level Annotations

Branches:
Dungeon (2/15)

Altars:

Annotations:
D:2 Jessica, Sigmund


Innate Abilities, Weirdness & Mutations

You are resistant to torment.
Your stone body is resilient. (AC +3)
You are immune to poison.
You resist negative energy. (rN+)
You are resistant to electric shocks. (rElec)
You can survive without breathing.
You are immune to petrification.
You are immune to rotting.


Message History

There is an open door here.
You close the door.
Sigmund opens the door.
Sigmund casts a spell at you. The magic dart hits you!
You open the door.
Sigmund points at you and mumbles some strange words.
The magic dart hits you!
* * * LOW HITPOINT WARNING * * *
Unknown command.
There is an open door here.
You close the door.
There is an open door here.
You see here a ration.
You are feeling hungry.
You open the door.
The jackal barks!
Sigmund points at you and mumbles some strange words.
The magic dart hits you!
You die...

###.####.....###########
......w'.@...+..........
####.###.....###.######
#..##########@### ##.#
#.........# #.##
#.........# #..#
#....h..%.#
#####@###s........#
#.....w...h....@..#
#........######'###
#........# #.#
######..## #.# ##.## #.#
#..### #.###########
#....# #...........#
#....# #...........#
#....# #...........#


You could see Sigmund, 2 jackals and a giant cockroach (wandering).

Vanquished Creatures
  A leopard gecko (D:1)
  A bat (D:1)
  A giant cockroach (D:1)
  4 hobgoblins
  2 jackals (D:2)
  6 goblins (D:1)
  10 kobolds
  3 rats
28 creatures vanquished.

Notes
Turn   | Place    | Note
-------+----------+-------------------------------------------
     0 | D:1      | Supreme the Gargoyle Earth Elementalist began the quest for the Orb.
     0 | D:1      | Reached XP level 1. HP: 10/10 MP: 3/3
   227 | D:1      | Reached skill level 4 in Earth Magic
   227 | D:1      | Reached XP level 2. HP: 15/15 MP: 3/5
   475 | D:2      | Noticed Jessica
   680 | D:2      | Reached XP level 3. HP: 17/19 MP: 4/6
   766 | D:2      | Noticed Sigmund
   828 | D:2      | Learned a level 2 spell: Passwall
   832 | D:2      | Learned a level 3 spell: Stone Arrow
   932 | D:2      | Killed from afar by Sigmund

Skill      XL: |  1 |
---------------+----+-----
Earth Magic    | 4 |  4.2
Dodging        | |  1.7
Stealth        | |  2.6
Spellcasting   | |  2.5
Transmutations | |  0.7

Action                   || total
-------------------------++-------
Melee: Whip              ||    14
 Cast: Sandblast         ||    34
 Stab: Sleeping          ||     5
Armor: Robe              ||     7
Dodge: Dodged            ||    27
